 Dungeon Crawl Stone Soup version 0.20.1-1-g8b1a95d (webtiles) character file.

88 Irenicus the Insei (level 4, -7/31 HPs)
             Began as an Octopode Chaos Knight on Oct 13, 2017.
             Mangled by an orc
             ... wielding a +2 flail of crushing
              (12 damage)
             ... on level 3 of the Dungeon.
             The game lasted 00:03:38 (1646 turns).

Irenicus the Insei (Octopode Chaos Knight)          Turns: 1646, Time: 00:03:41

Health: -7/31      AC:  1    Str: 11    XL:     4   Next: 54%
Magic:  4/4        EV: 13    Int: 14    God:    Xom [*.....]
Gold:   82         SH:  0    Dex: 12    Spells: 3/3 levels left

rFire    . . .     SeeInvis +     - Unarmed
rCold    . . .     Gourm    +   (no shield)
rNeg     . . .     Faith    .   (helmet restricted)
rPois    .         Spirit   .   c - amulet of the gourmand
rElec    .         Reflect  .   o - ring of see invisible
rCorr    .         Harm     .   (no ring)
MR       .....                  (no ring)
Stlth    ++........             (no ring)
Regen    0.1/turn               (no ring)
MPRegen  0.1/turn               (no ring)
                                (no ring)
                                (no ring)

@: confused, flying
A: almost no armour, stealthy swim, amphibious, 8 rings, constrict 8, camouflage
1, gelatinous body 1
a: Renounce Religion


You were on level 3 of the Dungeon.
You worshipped Xom.
You were a special plaything of Xom.
You were not hungry.

You visited 1 branch of the dungeon, and saw 3 of its levels.

You collected 82 gold pieces.

Inventory:

Jewellery
 c - an amulet of the gourmand (around mantle)
 o - a ring of see invisible (left tentacle)
Scrolls
 b - 3 scrolls of amnesia {unknown}
 d - 3 scrolls of remove curse {unknown}
 e - 6 scrolls of identify {unknown}
 m - a scroll of enchant weapon {unknown}
 q - a scroll of enchant armour {unknown}
 s - a scroll of magic mapping {unknown}
Potions
 f - a potion of magic
 g - a potion of flight
 h - a potion of invisibility {unknown}
 j - a potion of mutation {unknown}
 k - a potion of curing {unknown}
 n - a potion of agility {unknown}
 r - a potion of degeneration {unknown}
Books
 p - a book of Changes

   Spells                             Type                      Level
   a - Beastly Appendage              Transmutation                1
   b - Sticks to Snakes               Transmutation                2
   c - Spider Form                    Transmutation/Poison         3
   d - Ice Form                       Ice/Transmutation            4
   e - Blade Hands                    Transmutation                5
Comestibles
 a - 4 bread rations
 i - 2 meat rations
 l - a royal jelly


   Skills:
 - Level 3.0 Fighting
 - Level 2.3 Dodging
 + Level 5.2 Unarmed Combat


You had 3 spell levels left.
You didn't know any spells.

Dungeon Overview and Level Annotations

Branches:
Dungeon (3/15)

Altars:
Xom

Annotations:
D:3 Grinder


Innate Abilities, Weirdness & Mutations

You cannot wear most types of armour.
You are very stealthy in the water. (Stealth+)
You are amphibious.
You can wear up to eight rings at the same time.
You can use your tentacles to constrict eight enemies at once.
Your skin changes colour to match your surroundings (Stealth+).
Your rubbery body absorbs attacks. (AC +1, EV +1)


Message History

Grinder is outlined in light.
The rat is outlined in light.
The orc is outlined in light.
The worm is outlined in light.
The orc misses you. The orc priest completely misses you.
Grinder blinks!
Okay, then.
You tentacle-slap the rat. You squeeze the rat, but do no damage.
The rat is moderately wounded.
Xom's power touches on a nearby monster.
The rat changes into a river rat!
The orc priest hits you with a club.
The orc hits you with a flail of crushing.
You emit a cloud of colourful smoke!
The worm bites you.
* * * LOW HITPOINT WARNING * * *
It was a potion of flight.
You feel very buoyant.
You fly up into the air.
The river rat bites you.
* * * LOW HITPOINT WARNING * * *
The orc priest hits you but does no damage.
The orc hits you with a flail of crushing!
You die...
Xom chortles!

.#. #. #.### .#
#. # ## #.
.####+####
#+#####....$....
#
................
.
.!..............
#.# . .......rw#
#.. . #.####.o@#
### # #.oo#
#..?# #...#
#...# #...#
#...# #..?#


You could see a worm, an orc priest, a river rat shaped shifter and 2 orcs.

Vanquished Creatures
  Robin (D:2)
  2 adders (D:2)
  A dart slug (D:1)
  A leopard gecko (D:3)
  3 giant cockroaches (D:1)
  15 goblins
  7 hobgoblins
  10 kobolds
  A quokka (D:3)
  7 bats
  5 frilled lizards
  A rat (D:1)
54 creatures vanquished.

Notes
Turn   | Place    | Note
-------+----------+-------------------------------------------
     0 | D:1      | Irenicus the Octopode Chaos Knight began the quest for the Orb.
     0 | D:1      | Reached XP level 1. HP: 16/16 MP: 1/1
    57 | D:1      | XOM: silly message
    80 | D:1      | XOM: harmless Fire miscast
    91 | D:1      | Reached XP level 2. HP: 17/21 MP: 2/2
   145 | D:1      | XOM: divination: detect items
   209 | D:1      | XOM: divination: detect creatures
   254 | D:1      | Reached skill level 4 in Unarmed Combat
   326 | D:1      | XOM: harmless Pois miscast
   393 | D:1      | Reached XP level 3. HP: 21/26 MP: 3/3
   786 | D:2      | Found a shimmering altar of Xom.
   787 | D:2      | Found a shimmering altar of Xom.
   788 | D:2      | Found a shimmering altar of Xom.
   800 | D:2      | Found a shimmering altar of Xom.
   981 | D:2      | Noticed Robin
  1026 | D:2      | Killed Robin
  1031 | D:2      | Reached XP level 4. HP: 29/31 MP: 4/4
  1125 | D:2      | XOM: god gift: scroll labeled ZARIL TOCUONG {god gift}
  1416 | D:2      | Reached skill level 5 in Unarmed Combat
  1463 | D:2      | Found a shimmering altar of Xom.
  1472 | D:2      | XOM: medium Air miscast
  1639 | D:3      | XOM is BORED!
  1639 | D:3      | XOM: 3-stop teleportation journey
  1640 | D:3      | XOM: confusion
  1644 | D:3      | Noticed Grinder
  1644 | D:3      | XOM: fake destruction
  1645 | D:3      | XOM: polymorph rat -> river rat
  1645 | D:3      | XOM: smoke on damage
  1646 | D:3      | Mangled by an orc

Skill      XL: |  1  2  3  4 |
---------------+-------------+-----
Unarmed Combat | 4 5 |  5.2
Fighting       | |  3.0
Dodging        | |  2.3

Action                   |  1- 3 |  4- 6 || total
-------------------------+-------+-------++-------
Melee: Unarmed           |    79 |    28 ||   107
       Constrict         |    22 |     5 ||    27
       Tentacles         |     6 |     2 ||     8
       Punch             |     1 |     4 ||     5
  Use: Potion            |       |     2 ||     2
 Stab: Sleeping          |     4 |     3 ||     7
  Eat: Chunk             |       |     3 ||     3
Armor: Skin              |     7 |     3 ||    10
Dodge: Dodged            |    42 |    16 ||    58
